 Dungeon Crawl Stone Soup version 0.31-a0-188-g5e087ee2ca (webtiles) character file.

Game seed: 1883601661945646695

67 TrayleKats the Grasshopper (level 4, -4/40 HPs)
             Began as a Naga Warper on June 23, 2023.
             Was an Initiate of Cheibriados.
             Slain by Edmund
             ... wielding a +1 heavy flail
              (12 damage)
             ... on level 4 of the Dungeon.
             The game lasted 00:03:59 (2990 turns).

TrayleKats the Grasshopper (Naga Warper)            Turns: 2990, Time: 00:04:00

Health: -4/40      AC:  6    Str: 14    XL:     4   Next: 18%
Magic:  7/7        EV:  5    Int: 16    God:    Cheibriados [......]
Gold:   129        SH:  0    Dex: 12    Spells: 3/7 levels left

rFire   + . .        a - +0 spear
rCold   . . .        (no shield)
rNeg    . . .        l - +0 chain mail
rPois   +            (no helmet)
rElec   .            s - +0 cloak
rCorr   .            (no gloves)
SInv    +            (no barding)
Will    ++...        k - amulet of regeneration Stlth
                     g - ring of willpower
HPRegen 1.06/turn    m - ring of protection from fire
MPRegen 0.10/turn

%: no passive effects
@: short of breath, silenced, enlightened, flying, hasted, slow
A: AC +1, large, see invisible, deformed body, poison resistance, slowness 2,
spit poison 1, naga tail 1
a: Spit Poison, Renounce Religion


You were on level 4 of the Dungeon.
You worshipped Cheibriados.
Cheibriados was noncommittal.
You visited 2 branches of the dungeon, and saw 5 of its levels.

You collected 129 gold pieces.

Inventory:

Hand Weapons
 a - a +0 spear (weapon)
Missiles
 t - 2 boomerangs
Armour
 b - a +0 leather armour
 j - a +0 plate armour
 l - a +0 chain mail (worn)
 s - a +0 cloak (worn)
Jewellery
 g - a ring of willpower (left hand)
 k - an amulet of regeneration (around neck)
 m - a ring of protection from fire (right hand)
Scrolls
 c - a scroll of blinking
 f - 2 scrolls of amnesia {unknown}
 h - a scroll of enchant weapon {unknown}
 i - 2 scrolls of teleportation {unknown}
 n - a scroll of fog {unknown}
Potions
 q - a potion of enlightenment


   Skills:
 + Level 2.5 Fighting
 * Level 2.7 Polearms
 - Level 1.3 Throwing
 - Level 1.0 Armour
 - Level 1.8 Dodging
 + Level 2.4 Spellcasting
 - Level 3.2 Translocations


You had 3 spell levels left.
You knew the following spells:

 Your Spells              Type           Power      Damage    Failure   Level
a - Blink                 Tloc           24%        N/A       82%         2
b - Lesser Beckoning      Tloc           24%        N/A       82%         2

Your spell library contained the following spells:

 Spells                   Type           Power      Damage    Failure   Level
 Teleport Other           Tloc           12%        N/A       96%         3
 Sublimation of Blood     Necr           1%         N/A       99%         2
 Vhi's Electric Charge    Tloc/Air       14%        N/A       99%         3
 Leda's Liquefaction      Hex/Erth       0%         N/A       100%        4
 Manifold Assault         Tloc           12%        N/A       100%        4
 Petrify                  Tmut/Erth      1%         N/A       100%        4
 Irradiate                Conj/Tmut      0%         3d11      100%        5
 Lee's Rapid Deconstruct  Erth           0%         3d4*      100%        5
 Leda's Unmaking          Conj/Erth      0%         9d1       100%        6
 Statue Form              Tmut/Erth      0%         N/A       100%        6


Dungeon Overview and Level Annotations

Branches:
Dungeon (4/15)             Temple (1/1) D:4

Altars:
Ashenzari
Cheibriados
Dithmenos
Elyvilon
Gozag
Hepliaklqana
Kikubaaqudgha
Makhleb
Nemelex Xobeh
Okawaru
Qazlal
Ru
Uskayaw
Vehumet
Wu Jian
Xom
Yredelemnul
The Shining One

Annotations:
D:4 Edmund


Innate Abilities, Weirdness & Mutations

Your serpentine skin is tough. (AC +1)
You have supernaturally acute eyesight. (SInv)
Armour fits poorly on your strangely shaped body.
Your system is resistant to poisons. (rPois)
You cover ground very slowly.
You can spit poison.
You have a snake-like lower body.


Message History

Press: ? - help, Q - select action, (/) - cycle Shift-Dir - straight line, f/p - Edmund
Aim: Edmund, wielding a +1 heavy flail and wearing a +0 leather armour (silenced, lightly wounded, unable to see you, 59% to hit)
The splash of poison hits Edmund.
Edmund is poisoned.
Edmund is lightly wounded.
You closely miss Edmund.
Edmund is lightly wounded.
You completely miss Edmund.
Edmund is lightly wounded.
You flicker for a moment.
Reach: a) +0 spear
Press: ? - help, Dir - move target, f/p - Edmund
Aim: Edmund, wielding a +1 heavy flail and wearing a +0 leather armour (silenced, lightly wounded, unable to see you, poisoned, about 38% to evade your +0 spear)
You reach to attack!
You hit Edmund but do no damage.
Edmund is lightly wounded.
Edmund looks more healthy.
You closely miss Edmund.
Edmund is lightly wounded.
Edmund hits you with a +1 heavy flail!
* * * LOW HITPOINT WARNING * * *
You hit Edmund.
Edmund is lightly wounded.
You hit Edmund but do no damage.
Edmund is lightly wounded.
You have got your breath back.
You closely miss Edmund.
Edmund is lightly wounded.
Edmund closely misses you.
You barely miss Edmund.
Edmund is lightly wounded.
Aiming: Spit Poison (1% risk of failure)
Press: ? - help, Q - select action, (/) - cycle Shift-Dir - straight line, f/p - Edmund
Aim: Edmund, wielding a +1 heavy flail and wearing a +0 leather armour (silenced, lightly wounded, unable to see you, 59% to hit)
The splash of poison hits Edmund!
Edmund is poisoned.
Edmund is moderately wounded.
You flicker back into view.
Edmund hits you with a +1 heavy flail.
* * * LOW HITPOINT WARNING * * *
Unknown command.
Edmund attacks as you move away! Edmund hits you with a +1 heavy flail!
You die...

.. ####### #.# #########
.......##.# #.......#
.#.###.##.# #.......#
.#.###.##.# ###.......#
~~~....##.######.........#
~§§~............#@.......#
§~§§§..#...#####@#.......#
§>~§~#......# ###.......#
~§~§§#.#...## ####.####
§§~~...##.## #.##
§~~..####.# #..# .#####
#.# ##.# . #+# #)# # #.#
#†#


You could see Edmund (poisoned).

Vanquished Creatures
  2 adders
  2 dart slugs (D:3)
  7 orcs
  2 endoplasms
  3 giant cockroaches
  4 goblins
  2 hobgoblins
  4 kobolds
  A quokka (D:2)
  A ball python (D:3)
  4 bats
  A frilled lizard (D:1)
  4 rats
37 creatures vanquished.

Notes
Turn   | Place    | Note
-------+----------+-------------------------------------------
     0 | D:1      | TrayleKats the Naga Warper began the quest for the Orb.
     0 | D:1      | Reached XP level 1. HP: 19/19 MP: 3/3
   105 | D:1      | Found a faded altar of an unknown god.
   206 | D:1      | Reached skill level 1 in Throwing
   268 | D:1      | Reached XP level 2. HP: 21/26 MP: 5/5
  1040 | D:2      | Reached skill level 1 in Armour
  1040 | D:2      | Reached XP level 3. HP: 28/32 MP: 6/6
  1134 | D:2      | Learned a level 2 spell: Blink
  1137 | D:2      | Learned a level 2 spell: Lesser Beckoning
  1445 | D:3      | Noticed an ogre
  2326 | D:3      | Reached XP level 4. HP: 39/40 MP: 7/7
  2780 | D:4      | Found a staircase to the Ecumenical Temple.
  2789 | Temple   | Entered the Ecumenical Temple
  2905 | Temple   | Became a worshipper of Cheibriados the Contemplative
  2946 | D:4      | Noticed Edmund
  2972 | D:4      | HP: 2/40 [Edmund/+1 heavy flail (4)]
  2990 | D:4      | Slain by Edmund

Illustrated notes

Levels and vault maps discovered:
D:1:      dpeg_arrival_triangle_fractal, layout_basic,
          shapermc_ecumenical_altar_gd, minmay_misc_feat_encased
D:2:      layout_loops_ring
D:3:      layout_basic, serial_corexii_hall, corexii_hall_statues_t,
          chequers_hall_statues_wall_a, chequers_hall_statues_y,
          uniq_crazy_yiuf_cottage
D:4:      minmay_skewed_foursquare, layout_loops_corners,
          minmay_temple_entry_mist, uniq_edmund
Temple:   mainiacjoe_temple_coin_purse

Skill      XL: |  1  2 |
---------------+-------+-----
Throwing       | 1 |  1.3
Armour         | 1 |  1.0
Fighting       | |  2.5
Polearms       | |  2.7
Dodging        | |  1.8
Spellcasting   | |  2.4
Translocations | |  3.2

Action                     |  1- 3 |  4- 6 || total
---------------------------+-------+-------++-------
  Melee: Spear             |   155 |    25 ||   180
         Punch             |     1 |       ||     1
  Throw: Boomerang         |     5 |     2 ||     7
Ability: Spit Poison       |     1 |     5 ||     6
    Use: Potion            |       |     4 ||     4
         Scroll            |       |     1 ||     1
   Stab: Invisible         |       |     1 ||     1
 Armour: Leather armour    |    12 |       ||    12
         Plate armour      |    14 |       ||    14
         Chain mail        |    20 |     6 ||    26
  Dodge: Dodged            |    31 |     4 ||    35

Table legend: (Time is in decaauts)
 A = Elapsed time spent in this place.
 B = Non-inter-level travel time spent in this place.
 C = Inter-level travel time spent in this place.
 D = Time resting spent in this place.
 E = Time spent auto-exploring this place.
 F = Levels seen in this place.
 G = Mean time per level.
                   A        B        C        D        E       F      G
               +--------+--------+--------+--------+--------+-----+--------+
         Total |   3842 |   3566 |    276 |    448 |   2597 |   5 |  768.4 |
       Dungeon |   3664 |   3428 |    236 |    448 |   2480 |   4 |  916.0 |
        Temple |    178 |    139 |     39 |      0 |    117 |   1 |  178.0 |
               +--------+--------+--------+--------+--------+-----+--------+

Top non-repeatable levels by time:
     D:3: 1616 daAuts
     D:2: 995 daAuts
     D:1: 935 daAuts
  Temple: 178 daAuts
     D:4: 117 daAuts
